 Dungeon Crawl Stone Soup version 0.19.0 (webtiles) character file.

154 Jorund the Chopper (level 5, 36/41 HPs)
             Began as a Demonspawn Fighter on Nov 1, 2016.
             Quit the game on level 2 of the Dungeon.
             The game lasted 00:03:04 (1554 turns).

Jorund the Chopper (Demonspawn Fighter)             Turns: 1554, Time: 00:03:04

Health: 36/41      AC:  6    Str: 18    XL:     5   Next: 13%
Magic:  5/5        EV: 10    Int:  9    God:
Gold:   91         SH:  0    Dex: 12    Spells: 0 memorised, 4 levels left

rFire  . . .     SeeInvis .     a - +0 war axe
rCold  . . .     Gourm    .     b - +0 scale mail
rNeg   . . .     Faith    +     (no shield)
rPois  .         Spirit   +     (no helmet)
rElec  .         Reflect  .     (no cloak)
rCorr  .         Harm     .     (no gloves)
MR     .....                    (no boots)
Stlth  ..........               j - amulet of faith
                                (no ring)
                                (no ring)

@: no status effects
A: hooves 1, magic shield, sturdy frame 1
a: no special abilities


You were on level 2 of the Dungeon.
You were not hungry.

You visited 1 branch of the dungeon, and saw 2 of its levels.

You collected 91 gold pieces.

Inventory:

Hand Weapons
 a - a +0 war axe (weapon)
Missiles
 h - 2 javelins (quivered)
Armour
 b - a +0 scale mail (worn)
 c - a +0 shield
 n - a +0 plate armour
Magical Staves
 m - an uncursed staff of cold
Jewellery
 j - an amulet of faith (around neck)
Wands
 k - a wand of random effects (14/48)
Scrolls
 e - a scroll of enchant weapon {unknown}
 g - 3 scrolls of identify {unknown}
 i - a scroll of magic mapping {unknown}
 l - 2 scrolls of remove curse {unknown}
 o - a scroll of blinking {unknown}
 q - a scroll of amnesia {unknown}
Potions
 d - a potion of might
Comestibles
 f - 2 bread rations
 r - 2 chunks of flesh


   Skills:
 - Level 3.0 Fighting
 + Level 4.9 Axes
 - Level 2.6 Armour
 - Level 2.6 Shields


You had 4 spell levels left.
You didn't know any spells.

Dungeon Overview and Level Annotations

Branches:
Dungeon (2/15)

Altars:
Xom


Innate Abilities, Weirdness & Mutations

You have large cloven feet.
When hurt, damage is shared between your health and your magic reserves.
Your movements are slightly less encumbered by armour. (ER -2)


Message History

Unknown command.
You slash the gnoll!
You kill the gnoll!
You have reached level 5!
Your demonic ancestry asserts itself...
You feel your magical essence form a protective shroud around your flesh.
You barely miss the gnoll. The gnoll hits you but does no damage.
You barely miss the gnoll. The gnoll hits you but does no damage.
You hit the gnoll. You kick the gnoll, but do no damage.
The gnoll is heavily wounded.
The gnoll hits you but does no damage. The gnoll closely misses you.
You slash the gnoll!
You kill the gnoll!
No target in view!
No target in view!
Items here: )) ††† a whip x2; a gnoll corpse x3
Things that are here:
a spear; a gnoll corpse Are you sure you want to abandon this character and quit the game? (Confirm with "yes".)

#.# #........... #########
#g#######.#g######## #...g.K.#
#.#.)..[.>....g..g..
#.#####.###.#.#######.#g######
#K# #.....#.# ##'#...gg.K
#.###########.# #†....K..##
#g##..K.....#(# #........#
#.##.######.#)# #.......##
#.##.# #.)@# #.....).# #..g.#
##### #.......# ######
#.......# #.......# #.......#
#..(....# #.......# #########


There were no monsters in sight!

Vanquished Creatures
  Jessica (D:2)
  3 adders (D:2)
  5 gnolls
  2 dart slugs (D:2)
  2 leopard geckos
  A giant cockroach (D:1)
  3 goblins
  6 hobgoblins
  4 jackals (D:1)
  A quokka (D:2)
  A ball python (D:2)
  6 bats
  3 frilled lizards
  7 kobolds
  6 rats
51 creatures vanquished.

Notes
Turn   | Place    | Note
-------+----------+-------------------------------------------
     0 | D:1      | Jorund the Demonspawn Fighter began the quest for the Orb.
     0 | D:1      | Reached XP level 1. HP: 18/18 MP: 1/1
    67 | D:1      | Reached skill level 2 in Axes
   196 | D:1      | Gained mutation: Your movements are slightly less encumbered by armour. (ER -2) [demonic ancestry]
   196 | D:1      | Reached XP level 2. HP: 24/24 MP: 2/2
   223 | D:1      | Reached skill level 3 in Axes
   320 | D:1      | Gained mutation: You have large cloven feet. [demonic ancestry]
   320 | D:1      | Reached XP level 3. HP: 29/29 MP: 3/3
   513 | D:2      | Found a shimmering altar of Xom.
   618 | D:2      | HP: 1/29 [poisoned by an adder]
  1113 | D:2      | Reached XP level 4. HP: 32/35 MP: 4/4
  1171 | D:2      | Noticed Jessica
  1175 | D:2      | Killed Jessica
  1175 | D:2      | Reached skill level 4 in Axes
  1548 | D:2      | Gained mutation: When hurt, damage is shared between your health and your magic reserves. [demonic ancestry]
  1548 | D:2      | Reached XP level 5. HP: 35/41 MP: 5/5
  1554 | D:2      | Quit the game

Skill      XL: |  1  2  3  4 |
---------------+-------------+-----
Axes           | 2 3 4 |  4.9
Fighting       | |  3.0
Armour         | |  2.6
Shields        | |  2.6

Action                   |  1- 3 |  4- 6 || total
-------------------------+-------+-------++-------
Melee: War axe           |   120 |    49 ||   169
       Kick              |    14 |    13 ||    27
Throw: Javelin           |     2 |       ||     2
  Use: Potion            |       |     1 ||     1
  Eat: Chunk             |     1 |     1 ||     2
Armor: Scale mail        |    73 |    28 ||   101
Dodge: Dodged            |    91 |    30 ||   121
